 Dungeon Crawl Stone Soup version 0.23.2-40-g277498a001 (webtiles) character file.

Game seed: 8286300003479892602

21843 Jabberih the Dealer of Despair (level 12, 0/53 HPs)
             Began as a Vine Stalker Necromancer on Sept 16, 2019.
             Was an Elder of Kikubaaqudgha.
             Slain by a water moccasin (3 damage)
             ... while paralysed
             ... on level 6 of the Lair of Beasts.
             The game lasted 01:00:15 (14795 turns).

Jabberih the Dealer of Despair (VSNe)              Turns: 14795, Time: 01:00:16

Health: 0/53       AC: 11    Str: 10    XL:     12   Next: 94%
Magic:  0/32       EV:  2    Int: 19    God:    Kikubaaqudgha [****..]
Gold:   838        SH:  0    Dex: 17    Spells: 3/25 levels left

rFire    . . .     SeeInvis .   t - +4 dagger (elec)
rCold    . . .     Gourm    .   H - +0 buckler
rNeg     + . .     Faith    .   q - +0 ring mail
rPois    .         Spirit   +   s - +0 helmet
rElec    .         Reflect  .   v - +0 cloak
rCorr    .         Harm     .   b - +2 pair of gloves
MR       +....                  J - +0 pair of boots
Stlth    ++........             m - amulet of the acrobat
HPRegen  0.97/turn              u - ring of positive energy
MPRegen  0.23/turn              r - ring of magical power

@: paralysed, lethally poisoned (0 -> -11), death channel, very slightly
contaminated, fainting
A: fangs 3, regeneration 2, magic shield, antimagic bite, no potion heal 3, rot
immunity
a: Receive Corpses, Renounce Religion


You were on level 6 of the Lair of Beasts.
You worshipped Kikubaaqudgha.
Kikubaaqudgha was greatly pleased with you.
You were fainting.

You visited 3 branches of the dungeon, and saw 15 of its levels.

You collected 838 gold pieces.

Inventory:

Hand Weapons
 d - a +0 hunting sling of flaming
 i - a +0 hunting sling
 t - a +4 dagger of electrocution (weapon)
Missiles
 g - 57 sling bullets
 j - 387 stones (quivered)
 E - 3 throwing nets
Armour
 a - a +0 robe
 b - a +2 pair of gloves (worn)
 q - a +0 ring mail (worn)
 s - a +0 helmet (worn)
 v - a +0 cloak (worn)
 H - a +0 buckler (worn)
 J - a +0 pair of boots (worn)
Magical Staves
 G - an uncursed staff of wizardry
Jewellery
 m - an amulet of the acrobat (around neck)
 n - an uncursed ring of stealth
 r - a ring of magical power (right hand)
 u - a ring of positive energy (left hand)
 x - a +3 ring of strength
Wands
 N - a wand of paralysis (5)
Scrolls
 o - 10 scrolls of teleportation
 p - 2 scrolls of identify
 w - 5 scrolls of remove curse
 y - 3 scrolls of amnesia
 B - 2 scrolls of fear
 I - 2 scrolls of fog
 K - a scroll of enchant armour
 O - a scroll of enchant weapon
Potions
 e - a potion of mutation {unknown}
 f - 4 potions of flight
 h - a potion of brilliance {unknown}
 k - 2 potions of haste
 l - 7 potions of agility
 z - 2 potions of heal wounds
 A - a potion of cancellation
 D - 2 potions of invisibility
 F - 3 potions of curing
 M - a potion of lignification {unknown}
Miscellaneous
 C - a box of beasts
Comestibles
 c - 24 rations


   Skills:
 + Level 1.0 Fighting
 - Level 10.0 Short Blades
 + Level 6.8 Dodging
 - Level 2.4 Stealth
 - Level 4.0 Shields
 - Level 7.0 Spellcasting
 - Level 3.0 Charms
 + Level 13.2 Necromancy
 + Level 4.6 Evocations


You had 3 spell levels left.
You knew the following spells:

 Your Spells              Type           Power        Failure   Level  Hunger
a - Pain                  Necr           ####         1%          1    None
b - Animate Skeleton      Necr           N/A          1%          1    None
c - Vampiric Draining     Necr           ######....   1%          3    #......
d - Animate Dead          Necr           N/A          1%          4    ###....
e - Regeneration          Chrm/Necr      #####.....   2%          3    #......
f - Corpse Rot            Necr           N/A          1%          2    None
g - Sublimation of Blood  Necr           ######....   1%          2    None
h - Death Channel         Necr           ######....   19%         6    ######.

Your spell library contained the following spells:

 Spells                   Type           Power        Failure   Level  Hunger
 Corona                   Hex            #......      26%         1    None
 Flame Tongue             Conj/Fire      #....        26%         1    None
 Freeze                   Ice            #...         26%         1    None
 Sting                    Conj/Pois      #...         26%         1    None
 Slow                     Hex            #.......     36%         2    None
 Throw Frost              Conj/Ice       #.....       36%         2    None
 Ozocubu's Armour         Chrm/Ice       ##......     38%         3    #......
 Inner Flame              Hex/Fire       #.......     61%         3    #......
 Mephitic Cloud           Conj/Pois/Air  #.......     61%         3    #......
 Portal Projectile        Hex/Tloc       #.....       61%         3    #......
 Dispel Undead            Necr           ######..     3%          5    #####..
 Excruciating Wounds      Chrm/Necr      #####.....   26%         5    #####..
 Bolt of Draining         Conj/Necr      ####......   43%         5    #####..
 Cause Fear               Hex            #.........   95%         4    ###....
 Leda's Liquefaction      Hex/Erth       #.........   95%         4    ###....
 Summon Ice Beast         Ice/Summ       #.......     95%         4    ###....
 Throw Icicle             Conj/Ice       #.......     95%         4    ###....
 Simulacrum               Ice/Necr       ####......   95%         6    ######.
 Irradiate                Conj/Tmut      #.........   100%        5    #####..
 Hydra Form               Tmut           #.........   100%        6    ######.
 Statue Form              Tmut/Erth      #........    100%        6    ######.
 Dragon Form              Tmut           #.........   100%        7    #######
 Ring of Flames           Chrm/Fire      ##........   100%        7    #######
 Ignition                 Fire           #.........   100%        8    #######


Dungeon Overview and Level Annotations

Branches:
Dungeon (8/15)             Temple (1/1) D:6            Lair (6/6) D:8
 Shoals (0/4) Lair:3        Snake (0/4) Lair:3
  Slime: Lair:5-6

Altars:
Ashenzari
Cheibriados
Dithmenos
Elyvilon
Fedhas
Gozag
Hepliaklqana
Kikubaaqudgha
Makhleb
Nemelex Xobeh
Okawaru
Qazlal
Ru
Sif Muna
Trog
Uskayaw
Vehumet
Wu Jian
Yredelemnul
Zin
The Shining One

Shops:
D:6 %

Annotations:
D:3 1 runed translucent door, NeAGen181's ghost, amateur HOFi


Innate Abilities, Weirdness & Mutations

You have razor-sharp teeth.
You heal very quickly.
When hurt, damage is shared between your health and your magic reserves.
Your bite disrupts and absorbs the magic of your enemies.
Potions cannot restore your health.
You are immune to rotting.


Message History

Your spectral wyvern completely misses the spiny frog.
The wyvern bites you but does no damage.
The water moccasin bites you but does no damage.
* * * LOW HITPOINT WARNING * * *
You feel very sick.
Your spectral wyvern bites the spiny frog.
The spiny frog stings your spectral wyvern!
The wyvern bites you!
* * * LOW HITPOINT WARNING * * *
An elephant comes into view.
The water moccasin bites you but does no damage.
Your spectral wyvern bites the spiny frog but does no damage.
The spiny frog stings your spectral wyvern!
The wyvern bites you.
* * * LOW HITPOINT WARNING * * *
* * * LOW HITPOINT WARNING * * *
You feel very sick. The water moccasin bites you!
You die...
Kikubaaqudgha rasps: "You have failed me!
Welcome... death!"

...................
.##...#.................
#.....................
##....<.....#.........
#...##^....##....... ..
#......#...###...P.≈ ≈≈≈
....###....##....≈# ≈≈#
.......#.....#.Z..##≈≈#.
...............@F.≈≈≈≈≈≈
............Sl.≈≈≈≈≈≈
...............##≈.#
.....#.##......# ≈
....### ##?.#..≈≈≈≈≈≈
.... #.#..≈≈≈≈≈P≈ ...
..##...##YP≈≈ ..# #....
≈#≈≈ ... ....P≈ ≈ ≈


You could see an elephant, a spiny frog, a water moccasin, a wyvern and a
friendly spectral wyvern.

Vanquished Creatures
  A two-headed ogre (D:8)
  3 elephants
  A black mamba (Lair:1)
  6 spiny frogs
  4 komodo dragons
  A polar bear (Lair:1)
  A hornet (D:8)
  A queen bee (Lair:3)
  2 blink frogs (Lair:4)
  4 hippogriffs
  A spriggan (Lair:1)
  A wyvern (Lair:3)
  19 yaks
  A basilisk (Lair:4)
  7 water moccasins
  4 nagas (Lair:3)
  12 porcupines
  3 sky beasts
  Purgy (D:3)
  An orc warrior (D:8)
  A black bear (D:8)
  3 phantoms
  An ice beast (D:5)
  4 ogres
  3 centaurs
  6 crocodiles
  10 bullfrogs
  2 scorpions
  15 killer bees
  5 wights (D:8)
  A crimson imp (D:8)
  A jelly (D:8)
  A gnoll shaman (D:5)
  An orc priest (D:3)
  3 hounds
  4 orc wizards
  2 centaur skeletons
  Terence (D:2)
  3 worker ants
  A hound zombie (D:8)
  A howler monkey zombie (D:8)
  7 gnolls
  4 adders
  3 shadow imps
  An ooze (D:1)
  2 adder zombies
  6 dart slugs
  A worm (D:6)
  A leopard gecko (D:6)
  16 orcs
  4 giant cockroaches
  9 goblins
  7 hobgoblins
  6 jackals
  3 kobolds
  8 quokkas
  5 bats (D:1)
  7 frilled lizards
  6 rats
239 creatures vanquished.

Vanquished Creatures (collateral kills)
  A hydra (Lair:4)
  4 death yaks (Lair:5)
  Sonja (Lair:2)
  A manticore (Lair:3)
  A black mamba (Lair:3)
  A torpor snail (Lair:3)
  A spiny frog (Lair:4)
  2 komodo dragons
  A polar bear (Lair:5)
  3 hippogriffs
  3 blink frogs (Lair:4)
  8 yaks
  A wyvern (Lair:6)
  A basilisk (Lair:4)
  Edmund (D:3)
  A water moccasin (D:7)
  5 porcupines
  2 crocodiles
  A wyvern zombie (D:7)
  14 killer bees
  A howler monkey (D:4)
  A crimson imp (D:6)
  A hound (D:3)
  A worker ant (D:5)
  A gnoll (D:5)
  2 orcs (D:3)
  A goblin (D:3)
  2 jackals (D:6)
  A bush (Lair:3)
  12 fungi
76 creatures vanquished.

Vanquished Creatures (others)
  40 fungi
  11 plants
51 creatures vanquished.

Grand Total: 366 creatures vanquished

Notes
Turn   | Place    | Note
-------+----------+-------------------------------------------
     0 | D:1      | Jabberih the Vine Stalker Necromancer began the quest for
                  | the Orb.
     0 | D:1      | Reached XP level 1. HP: 9/9 MP: 4/4
   102 | D:1      | Learned a level 1 spell: Animate Skeleton
   448 | D:1      | Reached XP level 2. HP: 10/13 MP: 1/6
  1132 | D:1      | Reached XP level 3. HP: 12/16 MP: 3/7
  1353 | D:1      | Reached skill level 5 in Necromancy
  1454 | D:1      | Learned a level 3 spell: Vampiric Draining
  2090 | D:2      | Noticed Terence
  2245 | D:2      | Found a snail-covered altar of Cheibriados.
  2757 | D:2      | Gained mutation: Your natural rate of healing is unusually
                  | fast. [Vine Stalker growth]
  2757 | D:2      | Reached XP level 4. HP: 21/21 MP: 5/8
  3040 | D:2      | Killed Terence
  3242 | D:2      | Reached XP level 5. HP: 22/24 MP: 7/10
  3339 | D:3      | Noticed a centaur
  3345 | D:3      | Killed a centaur
  3345 | D:3      | Reached skill level 6 in Necromancy
  3400 | D:3      | Learned a level 4 spell: Animate Dead
  3427 | D:3      | Found a runed translucent door.
  3429 | D:3      | Noticed NeAGen181's ghost (amateur HOFi)
  3602 | D:3      | Reached XP level 6. HP: 26/28 MP: 0/11
  3802 | D:3      | Found a hazy altar of Hepliaklqana.
  3881 | D:4      | Noticed Purgy
  3945 | D:3      | Reached skill level 7 in Necromancy
  4107 | D:3      | Killed Purgy
  4136 | D:3      | Reached XP level 7. HP: 26/32 MP: 6/12
  4190 | D:4      | Noticed Edmund
  4196 | D:3      | Reached skill level 8 in Necromancy
  4212 | D:3      | Killed Edmund
  4513 | D:4      | Found a shadowy altar of Dithmenos.
  4526 | D:4      | Reached skill level 9 in Necromancy
  4530 | D:4      | Found a bloodstained altar of Trog.
  4646 | D:4      | Gained mutation: You have razor-sharp teeth. [Vine Stalker
                  | growth]
  4646 | D:4      | Reached XP level 8. HP: 36/36 MP: 11/13
  4655 | D:4      | Learned a level 3 spell: Regeneration
  4899 | D:4      | Found an iron altar of Okawaru.
  4960 | D:4      | Reached skill level 1 in Charms
  5076 | D:4      | Found a glowing golden altar of the Shining One.
  5081 | D:4      | Found a basalt altar of Yredelemnul.
  5298 | D:4      | Noticed an angel
  5360 | D:5      | Entered Level 5 of the Dungeon
  5440 | D:5      | Found a sparkling altar of Nemelex Xobeh.
  5563 | D:5      | Reached skill level 1 in Short Blades
  6194 | D:6      | Found a staircase to the Ecumenical Temple.
  6229 | Temple   | Entered the Ecumenical Temple
  6342 | Temple   | Became a worshipper of Kikubaaqudgha
  6491 | D:6      | Found a white marble altar of Elyvilon.
  6576 | D:6      | Found Ziek's Food Shop.
  7058 | D:7      | Reached skill level 10 in Necromancy
  7058 | D:7      | Reached XP level 9. HP: 33/39 MP: 0/17
  7194 | D:7      | Reached * piety under Kikubaaqudgha
  7194 | D:7      | Identified Kikubaaqudgha's Almanac of Darkness
                  | (Kikubaaqudgha gifted it to you on level 7 of the Dungeon)
  7194 | D:7      | Received a gift from Kikubaaqudgha
  7216 | D:7      | Learned a level 2 spell: Corpse Rot
  7219 | D:7      | Learned a level 2 spell: Sublimation of Blood
  7245 | D:7      | Reached skill level 5 in Spellcasting
  7435 | D:7      | Found a sacrificial altar of Ru.
  7435 | D:7      | Found a glowing silver altar of Zin.
  7629 | D:7      | Found a shadowy altar of Dithmenos.
  8075 | D:8      | Reached skill level 5 in Short Blades
  8171 | D:8      | Found an ornate altar of the Wu Jian Council.
  8278 | D:8      | Noticed a hornet
  8288 | D:8      | Killed a hornet
  8288 | D:8      | Reached skill level 11 in Necromancy
  8331 | D:8      | Found a staircase to the Lair.
  8392 | D:8      | Noticed a two-headed ogre
  8403 | D:8      | Killed a two-headed ogre
  8403 | D:8      | Reached XP level 10. HP: 23/44 MP: 1/18
  8562 | D:8      | Reached ** piety under Kikubaaqudgha
  9179 | Lair:1   | Entered Level 1 of the Lair of Beasts
  9188 | D:8      | Reached skill level 12 in Necromancy
  9347 | Lair:1   | Noticed a spiny frog
  9355 | Lair:1   | Killed a spiny frog
  9411 | Lair:1   | Noticed a black mamba
  9447 | Lair:1   | Killed a black mamba
  9460 | Lair:1   | HP: 2/44 [poisoned by a black mamba]
  9465 | Lair:1   | HP: 1/44 [poisoned by a black mamba]
  9471 | Lair:1   | HP: 1/44 [poisoned by a black mamba]
  9975 | Lair:1   | Reached *** piety under Kikubaaqudgha
  9975 | Lair:1   | Identified Kikubaaqudgha's Catalogue of Dark Rituals
                  | (Kikubaaqudgha gifted it to you on level 1 of the Lair of
                  | Beasts)
  9975 | Lair:1   | Received a gift from Kikubaaqudgha
  9975 | Lair:1   | Reached XP level 11. HP: 31/47 MP: 7/19
 10342 | Lair:2   | Reached skill level 1 in Evocations
 10514 | Lair:2   | Reached skill level 1 in Shields
 10631 | Lair:2   | Noticed Sonja
 10638 | Lair:2   | Killed Sonja
 11491 | Lair:3   | Reached skill level 5 in Dodging
 11502 | Lair:3   | Found a staircase to the Snake Pit.
 11527 | Lair:3   | Noticed a manticore
 11547 | Lair:3   | Killed a manticore
 11550 | Lair:3   | Found a staircase to the Shoals.
 11607 | Lair:3   | Learned a level 6 spell: Death Channel
 11627 | Lair:3   | HP: 2/47 [yak[a torpor snail] (9)]
 12328 | Lair:3   | Gained mutation: You heal very quickly. [Vine Stalker
                  | growth]
 12328 | Lair:3   | Reached XP level 12. HP: 50/51 MP: 22/22
 12351 | Lair:3   | Reached **** piety under Kikubaaqudgha
 12719 | Lair:4   | Noticed a five-headed hydra
 12728 | Lair:4   | Killed a five-headed hydra
 12922 | Lair:4   | Identified Vaumyopp's Collected Works on Igneous Envenoming
 14035 | Lair:5   | Reached skill level 10 in Short Blades
 14120 | Lair:5   | Noticed a death yak
 14131 | Lair:5   | Killed a death yak
 14138 | Lair:5   | Noticed a death yak
 14139 | Lair:5   | Noticed a death yak
 14143 | Lair:5   | Noticed a death yak
 14149 | Lair:5   | Reached skill level 13 in Necromancy
 14155 | Lair:5   | Killed a death yak
 14156 | Lair:5   | Killed a death yak
 14159 | Lair:5   | Killed a death yak
 14739 | Lair:6   | Entered Level 6 of the Lair of Beasts
 14739 | Lair:6   | Found a glowing silver altar of Zin.
 14788 | Lair:6   | Reached skill level 1 in Fighting
 14789 | Lair:6   | Paralysed by fainting for 12 turns
 14795 | Lair:6   | Slain by a water moccasin

Skill      XL: |  1  2  3  4  5  6  7  8  9 10 11 12 |
---------------+-------------------------------------+-----
Necromancy     | 5 6 7 9 10 11 12 13 | 13.2
Spellcasting   | 3 4 5 6 7 |  7.0
Charms         | 3 |  3.0
Short Blades   | 2 6 7 9 10 | 10.0
Dodging        | 3 5 6 |  6.8
Evocations     | 2 4 |  4.6
Shields        | 4 |  4.0
Fighting       | 1 |  1.0
Stealth        | |  2.4

Action                   |  1- 3 |  4- 6 |  7- 9 | 10-12 || total
-------------------------+-------+-------+-------+-------++-------
Melee: Short sword       |    94 |   113 |   345 |       ||   552
       Mace              |     8 |       |       |       ||     8
       Bite              |    21 |    32 |   120 |   184 ||   357
       Dagger            |       |       |    79 |   559 ||   638
Throw: Stone             |       |       |    44 |       ||    44
 Cast: Pain              |    43 |    33 |    96 |    54 ||   226
       Animate Skeleton  |    10 |     9 |    18 |    34 ||    71
       Vampiric Draining |     1 |     9 |    24 |    35 ||    69
       Animate Dead      |       |       |     6 |    14 ||    20
       Regeneration      |       |       |     3 |     6 ||     9
       Corpse Rot        |       |       |       |     2 ||     2
       Death Channel     |       |       |       |    13 ||    13
Invok: Receive Corpses   |       |       |       |     1 ||     1
Evoke: Wand              |       |       |     2 |     5 ||     7
       Box of beasts     |       |       |       |     3 ||     3
  Use: Scroll            |     8 |     1 |     8 |    10 ||    27
       Potion            |       |     1 |       |     1 ||     2
 Stab: Sleeping          |     2 |       |     3 |     3 ||     8
       Distracted        |       |       |     2 |     2 ||     4
  Eat: Chunk             |     4 |     6 |    18 |    17 ||    45
       Ration            |     1 |       |       |     4 ||     5
Armor: Robe              |    21 |       |       |       ||    21
       Ring mail         |    19 |    90 |   187 |   139 ||   435
Dodge: Dodged            |    85 |    95 |   258 |   308 ||   746
Block: Buckler           |       |       |       |    77 ||    77
